 Dungeon Crawl Stone Soup version 0.19.5 (webtiles) character file.

60 devil0150 the Magician (level 3, 0/21 HPs)
             Began as a High Elf Wizard on Apr 11, 2017.
             Slain by a river rat (5 damage)
             ... on level 3 of the Dungeon.
             The game lasted 00:06:48 (2499 turns).

devil0150 the Magician (High Elf Wizard)            Turns: 2499, Time: 00:06:49

Health: 0/21       AC:  2    Str:  6    XL:     3   Next: 80%
Magic:  1/10       EV: 13    Int: 23    God:
Gold:   95         SH:  0    Dex: 13    Spells: 5 memorised, 1 level left

rFire  . . .     SeeInvis .     n - +1 dagger (vamp)
rCold  . . .     Gourm    .     a - +0 robe
rNeg   . . .     Faith    .     (no shield)
rPois  .         Spirit   .     b - +0 hat
rElec  .         Reflect  .     (no cloak)
rCorr  .         Harm     .     (no gloves)
MR     .....                    (no boots)
Stlth  ++........               (no amulet)
                                (no ring)
                                (no ring)

@: very slightly contaminated
A: no striking features
a: no special abilities


You were on level 3 of the Dungeon.
You were not hungry.

You visited 1 branch of the dungeon, and saw 3 of its levels.

You collected 95 gold pieces.

Inventory:

Hand Weapons
 l - a -3 dagger
 n - a +1 vampiric dagger (weapon)
Missiles
 e - 7 tomahawks of returning (quivered)
 h - 7 needles of confusion
Armour
 a - a +0 robe (worn)
 b - a +0 hat (worn)
Jewellery
 r - an uncursed ring of protection from fire {unknown}
 t - a +5 amulet of reflection {unknown}
Wands
 p - a wand of enslavement (12/24)
Scrolls
 q - a scroll of blinking
Potions
 g - a potion of beneficial mutation {unknown}
 i - a potion of invisibility {unknown}
 j - a potion of heal wounds {unknown}
 m - a potion of ambrosia {unknown}
Books
 c - a book of Minor Magic

   Spells                             Type                      Level
   a - Magic Dart                     Conjuration                  1
   b - Blink                          Translocation                2
   c - Call Imp                       Summoning                    2
   d - Repel Missiles                 Charms/Air                   2
   e - Slow                           Hexes                        2
   f - Conjure Flame                  Conjuration/Fire             3
   g - Mephitic Cloud                 Conjuration/Poison/Air       3
 k - a book of Cantrips

   Spells                             Type                      Level
   a - Confusing Touch                Hexes                        1
   b - Animate Skeleton               Necromancy                   1
   c - Summon Small Mammal            Summoning                    1
   d - Apportation                    Translocation                1
Comestibles
 d - 4 bread rations
 f - a meat ration
 o - 2 fruits
 s - a chunk of flesh


   Skills:
 + Level 0.2 Fighting
 + Level 2.5 Dodging
 + Level 2.5 Stealth
 + Level 5.0 Spellcasting
 + Level 1.4 Conjurations
 + Level 0.8 Summonings
   Level 1.1 Translocations


You had one spell level left.
You knew the following spells:

 Your Spells              Type           Power        Failure   Level  Hunger
a - Magic Dart            Conj           ##..         6%          1    None
b - Call Imp              Summ           #.......     12%         2    None
c - Mephitic Cloud        Conj/Pois/Air  #.......     24%         3    ##.....
d - Conjure Flame         Conj/Fire      #.......     24%         3    ##.....
e - Slow                  Hex            #.......     17%         2    None


Dungeon Overview and Level Annotations

Branches:
Dungeon (3/15)

Altars:


Message History

Confirm with . or Enter, or press ? or * to list all spells.
You don't have enough magic to cast that spell.
Throwing (i - inventory):
e - 7 tomahawks of returning (quivered)
Press: ? - help, Shift-Dir - straight line, f/p - river rat
Aim: a river rat (almost dead)
Okay, then.
You hit the river rat but do no damage.
The river rat is almost dead.
The river rat bites you.
You closely miss the river rat.
The river rat is almost dead.
The river rat barely misses you.
You hit the river rat but do no damage.
The river rat is almost dead.
The river rat bites you.
* * * LOW HITPOINT WARNING * * *
You barely miss the river rat.
The river rat is almost dead.
The river rat bites you.
You die...

# ###.# ....#
# ###.#)# <#
.....#####.##
... ..##...##
#r###.#.....
#@#........##
#.#...(.....
#.....##..#
###.#รท##..#
#.>.....#
###.###.#
...# #.#
##### #.# #.#


You could see a river rat.

Vanquished Creatures
  An adder (D:2)
  An ooze (D:1)
  2 worms (D:2)
  2 dart slugs (D:1)
  A leopard gecko (D:2)
  2 giant cockroaches
  4 goblins
  6 hobgoblins
  6 kobolds
  A quokka (D:3)
  4 bats
  3 frilled lizards
  3 rats
36 creatures vanquished.

Vanquished Creatures (others)
  4 toadstools (D:1)
4 creatures vanquished.

Grand Total: 40 creatures vanquished

Notes
Turn   | Place    | Note
-------+----------+-------------------------------------------
     0 | D:1      | devil0150 the High Elf Wizard began the quest for the Orb.
     0 | D:1      | Reached XP level 1. HP: 11/11 MP: 6/6
    40 | D:1      | Reached skill level 4 in Spellcasting
   384 | D:1      | Reached XP level 2. HP: 13/17 MP: 0/8
  1292 | D:2      | Reached XP level 3. HP: 21/21 MP: 6/10
  1639 | D:2      | Learned a level 2 spell: Call Imp
  1643 | D:2      | Learned a level 3 spell: Mephitic Cloud
  1647 | D:2      | Learned a level 3 spell: Conjure Flame
  1650 | D:2      | Learned a level 2 spell: Slow
  2267 | D:3      | Found a faded altar of an unknown god.
  2451 | D:3      | Reached skill level 5 in Spellcasting
  2499 | D:3      | Slain by a river rat

Skill      XL: |  1  2  3 |
---------------+----------+-----
Spellcasting   | 4 5 |  5.0
Fighting       | |  0.2
Dodging        | |  2.5
Stealth        | |  2.5
Conjurations   | |  1.4
Summonings     | |  0.8
Translocations | |  1.1

Action                   || total
-------------------------++-------
Melee: Unarmed           ||     9
       Dagger            ||     4
 Cast: Magic Dart        ||   108
  Use: Scroll            ||     5
  Eat: Chunk             ||     4
       Meat ration       ||     1
       Fruit             ||     1
       Pizza             ||     1
Dodge: Dodged            ||    18
